| TOP OF THE 1ST |
|
Baltimore Orioles batting - Pitching for Kansas City Royals : LHP Dave LaPoint
|
|
Pitching: LHP Dave LaPoint
|
|
|
Batting: SHB Willie McGee
|
0-0: Called Strike 0-1: Foul Ball, location: 2F 0-2: Ball 1-2: Foul Ball, location: 2F 1-2: Ball 2-2: Ball 3-2: Ground out 4-3 (Groundball, 4, EV 83.1 MPH)
|
|
Batting: RHB Ron Cey
|
0-0: Ball 1-0: Ball 2-0: Foul Ball, location: 2F 2-1: Foul Ball, location: 2F 2-2: Foul Ball, location: 2F 2-2: Foul Ball, location: 2F 2-2: Foul Ball, location: 2F 2-2: Fly out, F4 (Popup, 4D, EV 70.6 MPH)
|
|
Batting: SHB Steve R Ontiveros
|
0-0: Foul Ball, location: 2F 0-1: Called Strike 0-2: Foul Ball, location: 2F 0-2: Ball 1-2: Foul Ball, location: 2F 1-2: Ground out 6-3 (Groundball, 56, EV 85.6 MPH)
|
| Top of the 1st over - 0 runs, 0 hits, 0 errors, 0 left on base; Baltimore 0 - Kansas City 0 |
| BOTTOM OF THE 1ST |
|
Kansas City Royals batting - Pitching for Baltimore Orioles : RHP Jim Clancy
|
|
Pitching: RHP Jim Clancy
|
|
|
Batting: RHB Rickey Henderson
|
0-0: Ball 1-0: Ball 2-0: Ball 3-0: Called Strike 3-1: Ball
|
|
Batting: LHB Rick Manning
|
0-0: Ball 1-0: Ball 2-0: Called Strike Rickey Henderson steals 2nd base 2-1: Ball 3-1: Foul Ball, location: 2F 3-2: Ground out 4-3 (Groundball, 4, EV 96.3 MPH) Rickey Henderson to third
|
|
Batting: LHB Alvin Davis
|
0-0: Foul Ball, location: 2F 0-1: Ball 1-1: Ball Balk! Rickey Henderson scores 2-1: Ball 3-1: Foul Ball, location: 2F 3-2: Foul Ball, location: 2F 3-2: Foul Ball, location: 2F 3-2: SINGLE (Groundball, 4MD, EV 97.5 MPH)
|
|
Batting: RHB Bob Horner
|
0-0: Foul Ball, location: 2F 0-1: Ball 1-1: Ball 2-1: Ball 3-1: Reached on error, E5 (Groundball, 56S, EV 84.4 MPH) Alvin Davis to second
|
|
Batting: LHB Gene Richards
|
0-0: Called Strike 0-1: Reached on error, E2 (Groundball, 2L, EV 62.5 MPH) Alvin Davis scores Bob Horner to third
|
|
Batting: LHB Jim Eisenreich
|
0-0: Ball 1-0: Ball 2-0: Foul Ball, location: 2F 2-1: Swinging Strike 2-2: Ground out 6-3 (Groundball, 6, EV 75.6 MPH) Bob Horner scores Gene Richards to third
|
|
Batting: RHB Charlie O'Brien
|
0-0: Ball 1-0: Foul Ball, location: 2F 1-1: 2-RUN HOME RUN (Flyball, 7D, EV 107.5 MPH), Distance : 379 ft
|
|
Batting: RHB Lloyd McClendon
|
0-0: Ball 1-0: Ball 2-0: Swinging Strike 2-1: Fly out, F9 (Flyball, 9LS, EV 77.5 MPH)
|
| Bottom of the 1st over - 5 runs, 2 hits, 2 errors, 0 left on base; Baltimore 0 - Kansas City 5 |
| TOP OF THE 2ND |
|
Baltimore Orioles batting - Pitching for Kansas City Royals : LHP Dave LaPoint
|
|
Batting: RHB Dwight Evans
|
0-0: Swinging Strike 0-1: SINGLE (Groundball, 34D, EV 103.1 MPH)
|
|
Batting: SHB Mike Hart
|
0-0: Ball 1-0: Ball 2-0: Ball 3-0: Base on Balls Dwight Evans to second
|
|
Batting: RHB Matt Rice
|
0-0: Called Strike 0-1: Ball 1-1: Called Strike 1-2: Foul Ball, location: 2F 1-2: Fielders Choice at 2nd, 6-4 (Groundball, 6M, EV 98.1 MPH) Dwight Evans to third
|
|
Batting: RHB Mark Brouhard
|
0-0: Fly out, F3 (Popup, 3SF, EV 76.9 MPH)
|
|
Batting: RHB Dennis Werth
|
0-0: Ball 1-0: Called Strike 1-1: Ball 2-1: Foul Ball, location: 2F 2-2: Fielders Choice at 2nd, 5-4 (Groundball, 56, EV 107.5 MPH)
|
| Top of the 2nd over - 0 runs, 1 hit, 0 errors, 2 left on base; Baltimore 0 - Kansas City 5 |
| BOTTOM OF THE 2ND |
|
Kansas City Royals batting - Pitching for Baltimore Orioles : RHP Jim Clancy
|
|
Batting: RHB Adrian Monrreal
|
0-0: Ground out 6-3 (Groundball, 6S, EV 81.3 MPH)
|
|
Batting: RHB Rickey Henderson
|
0-0: Ball 1-0: Foul Ball, location: 2F 1-1: Called Strike 1-2: Strikes out swinging
|
|
Batting: LHB Rick Manning
|
0-0: Ball 1-0: Ball 2-0: Foul Ball, location: 2F 2-1: Ground out U3 (Groundball, 3, EV 105.0 MPH)
|
| Bottom of the 2nd over - 0 runs, 0 hits, 0 errors, 0 left on base; Baltimore 0 - Kansas City 5 |
| TOP OF THE 3RD |
|
Baltimore Orioles batting - Pitching for Kansas City Royals : LHP Dave LaPoint
|
|
Batting: RHB Garth Iorg
|
0-0: Called Strike 0-1: Ball 1-1: Foul Ball, location: 2F 1-2: Ground out 4-3 (Groundball, 4, EV 103.8 MPH)
|
|
Batting: SHB Willie McGee
|
0-0: Ground out 4-3 (Groundball, 4, EV 88.8 MPH)
|
|
Batting: RHB Ron Cey
|
0-0: Swinging Strike 0-1: Called Strike 0-2: Ball 1-2: Strikes out looking
|
| Top of the 3rd over - 0 runs, 0 hits, 0 errors, 0 left on base; Baltimore 0 - Kansas City 5 |
| BOTTOM OF THE 3RD |
|
Kansas City Royals batting - Pitching for Baltimore Orioles : RHP Jim Clancy
|
|
Batting: LHB Alvin Davis
|
0-0: SINGLE (Groundball, 4D, EV 99.4 MPH)
|
|
Batting: RHB Bob Horner
|
0-0: Ball 1-0: Called Strike 1-1: SINGLE (Groundball, 6MD, EV 106.3 MPH) Alvin Davis to second Runner from 2nd tries for 3rd, SAFE, no throw by CF
|
|
Batting: LHB Gene Richards
|
0-0: Called Strike 0-1: Ball 1-1: Ball 2-1: Foul Ball, location: 2F 2-2: Grounds into double play, 6-4-3 (Groundball, 6, EV 75.6 MPH) Alvin Davis scores
|
|
Batting: LHB Jim Eisenreich
|
0-0: Called Strike 0-1: Called Strike 0-2: Foul Ball, location: 2F 0-2: Foul Ball, location: 2F 0-2: Ball 1-2: Ball 2-2: Fly out, F8 (Line Drive, 8LM, EV 95.0 MPH)
|
| Bottom of the 3rd over - 1 run, 2 hits, 0 errors, 0 left on base; Baltimore 0 - Kansas City 6 |
| TOP OF THE 4TH |
|
Baltimore Orioles batting - Pitching for Kansas City Royals : LHP Dave LaPoint
|
|
Batting: SHB Steve R Ontiveros
|
0-0: Ball 1-0: Ball 2-0: Ball 3-0: Called Strike 3-1: Base on Balls
|
|
Batting: RHB Dwight Evans
|
0-0: Ball 1-0: Ball 2-0: Foul Ball, location: 2F 2-1: Ball 3-1: Swinging Strike 3-2: Strikes out swinging Steve R Ontiveros is caught stealing 2nd base 2-4 Batter strikes out.
|
|
Batting: SHB Mike Hart
|
0-0: Foul Ball, location: 2F 0-1: Ball 1-1: Ground out 5-3 (Groundball, 56, EV 84.4 MPH)
|
| Top of the 4th over - 0 runs, 0 hits, 0 errors, 0 left on base; Baltimore 0 - Kansas City 6 |
| BOTTOM OF THE 4TH |
|
Kansas City Royals batting - Pitching for Baltimore Orioles : RHP Jim Clancy
|
|
Batting: RHB Charlie O'Brien
|
0-0: Ball 1-0: Ball 2-0: Ball 3-0: Base on Balls
|
|
Batting: RHB Lloyd McClendon
|
0-0: Reached on error, E4 (Flyball, 34D, EV 95.6 MPH) Charlie O'Brien to second
|
|
Batting: RHB Adrian Monrreal
|
0-0: Called Strike 0-1: Ball 1-1: Ball 2-1: Ball 3-1: Called Strike 3-2: Reached on error, E6 (Groundball, 6, EV 77.5 MPH) Charlie O'Brien to third Lloyd McClendon to second
|
|
Batting: RHB Rickey Henderson
|
0-0: Ball 1-0: Foul Ball, location: 2F 1-1: SINGLE (Groundball, 6MD, EV 100.6 MPH) Charlie O'Brien scores Lloyd McClendon to third Adrian Monrreal to second Runner from 3rd tries for Home, SAFE, throw by CF to home
|
|
Pitching: RHP Jim M Hughes
|
|
|
Batting: LHB Rick Manning
|
0-0: Called Strike 0-1: Hit by Pitch Adrian Monrreal to third Rickey Henderson to second
|
|
Batting: LHB Alvin Davis
|
0-0: Called Strike 0-1: Foul Ball, location: 2F 0-2: Foul Ball, location: 2F 0-2: Foul Ball, location: 2F 0-2: Ball Passed Ball! Adrian Monrreal scores Rickey Henderson to third Rick Manning to second 1-2: Ball 2-2: Foul Ball, location: 2F 2-2: Strikes out looking
|
|
Batting: RHB Bob Horner
|
0-0: Called Strike 0-1: Fly out, F9 (Flyball, 9, EV 83.8 MPH) Runner from 3rd tags up, SCORES, no throw by RF
|
|
Batting: LHB Gene Richards
|
0-0: Ball 1-0: Foul Ball, location: 2F 1-1: Ground out 6-3 (Groundball, 6, EV 90.0 MPH)
|
| Bottom of the 4th over - 4 runs, 1 hit, 2 errors, 1 left on base; Baltimore 0 - Kansas City 10 |
| TOP OF THE 5TH |
|
Baltimore Orioles batting - Pitching for Kansas City Royals : LHP Dave LaPoint
|
|
Batting: RHB Matt Rice
|
0-0: Ball 1-0: Swinging Strike 1-1: Foul Ball, location: 2F 1-2: Foul Ball, location: 2F 1-2: Ball 2-2: Strikes out swinging
|
|
Batting: RHB Mark Brouhard
|
0-0: Swinging Strike 0-1: Fly out, F9 (Flyball, 9LS, EV 91.3 MPH)
|
|
Batting: RHB Dennis Werth
|
0-0: Ball 1-0: Ball 2-0: Fly out, F6 (Flyball, 56D, EV 82.5 MPH)
|
| Top of the 5th over - 0 runs, 0 hits, 0 errors, 0 left on base; Baltimore 0 - Kansas City 10 |
| BOTTOM OF THE 5TH |
|
Kansas City Royals batting - Pitching for Baltimore Orioles : RHP Jim M Hughes
|
|
Batting: LHB Jim Eisenreich
|
0-0: Ball 1-0: Called Strike 1-1: Ground out 6-3 (Groundball, 6, EV 83.8 MPH)
|
|
Batting: RHB Charlie O'Brien
|
0-0: Hit by Pitch
|
|
Batting: RHB Lloyd McClendon
|
0-0: Called Strike 0-1: Ball 1-1: Foul Ball, location: 2F 1-2: Foul Ball, location: 2F 1-2: SINGLE (Flyball, 78S, EV 88.1 MPH) Charlie O'Brien to second
|
|
Batting: RHB Adrian Monrreal
|
0-0: Swinging Strike 0-1: Ball 1-1: Ball 2-1: Called Strike 2-2: Fielders Choice at 2nd, 6-4 (Groundball, 6, EV 100.0 MPH) Charlie O'Brien to third
|
|
Batting: RHB Rickey Henderson
|
0-0: Ball 1-0: Fly out, F8 (Line Drive, 8LD, EV 84.4 MPH)
|
| Bottom of the 5th over - 0 runs, 1 hit, 0 errors, 2 left on base; Baltimore 0 - Kansas City 10 |
| TOP OF THE 6TH |
|
Baltimore Orioles batting - Pitching for Kansas City Royals : LHP Dave LaPoint
|
|
Batting: RHB Garth Iorg
|
0-0: Called Strike 0-1: Swinging Strike 0-2: Ball 1-2: Ball 2-2: Strikes out looking
|
|
Batting: SHB Willie McGee
|
0-0: Ground out 4-3 (Groundball, 4S, EV 86.9 MPH)
|
|
Batting: RHB Ron Cey
|
0-0: Called Strike 0-1: Ball 1-1: Foul Ball, location: 2F 1-2: Foul Ball, location: 2F 1-2: Foul Ball, location: 2F 1-2: Ball 2-2: Ball 3-2: Fly out, F7 (Flyball, 7LM, EV 91.9 MPH)
|
| Top of the 6th over - 0 runs, 0 hits, 0 errors, 0 left on base; Baltimore 0 - Kansas City 10 |
| BOTTOM OF THE 6TH |
|
Kansas City Royals batting - Pitching for Baltimore Orioles : RHP Jim M Hughes
|
|
Batting: LHB Rick Manning
|
0-0: Ball 1-0: Swinging Strike 1-1: Called Strike 1-2: Strikes out swinging, 2-3 out at first.
|
|
Batting: LHB Alvin Davis
|
0-0: Ball 1-0: Fly out, F9 (Flyball, 9D, EV 100.6 MPH)
|
|
Batting: RHB Bob Horner
|
0-0: Called Strike 0-1: Fly out, F7 (Flyball, 78S, EV 76.9 MPH)
|
| Bottom of the 6th over - 0 runs, 0 hits, 0 errors, 0 left on base; Baltimore 0 - Kansas City 10 |
| TOP OF THE 7TH |
|
Baltimore Orioles batting - Pitching for Kansas City Royals : LHP Dave LaPoint
|
|
Batting: SHB Steve R Ontiveros
|
0-0: Ball 1-0: Foul Ball, location: 2F 1-1: Fly out, F4 (Popup, 3S, EV 76.9 MPH)
|
|
Batting: RHB Dwight Evans
|
0-0: Swinging Strike 0-1: Ball 1-1: Ball 2-1: Ball 3-1: Base on Balls
|
|
Batting: SHB Mike Hart
|
0-0: Called Strike 0-1: Ball 1-1: Foul Ball, location: 2F 1-2: Foul Ball, location: 2F 1-2: Strikes out swinging
|
|
Batting: RHB Matt Rice
|
0-0: Ball 1-0: SINGLE (Line Drive, 78S, EV 111.3 MPH) Dwight Evans to second
|
|
Batting: RHB Mark Brouhard
|
0-0: Ball 1-0: Ball 2-0: Swinging Strike 2-1: Foul Ball, location: 2F 2-2: Strikes out swinging
|
| Top of the 7th over - 0 runs, 1 hit, 0 errors, 2 left on base; Baltimore 0 - Kansas City 10 |
| BOTTOM OF THE 7TH |
|
Kansas City Royals batting - Pitching for Baltimore Orioles : RHP Jim M Hughes
|
|
Batting: LHB Gene Richards
|
0-0: Ball 1-0: Foul Ball, location: 2F 1-1: Ball 2-1: Ball 3-1: Base on Balls
|
|
Pitching: RHP John Howell
|
|
|
Batting: LHB Jim Eisenreich
|
0-0: Grounds into double play, 6-4-3 (Groundball, 6, EV 84.4 MPH)
|
|
Batting: RHB Charlie O'Brien
|
0-0: Swinging Strike 0-1: Ball 1-1: Ball 2-1: Swinging Strike 2-2: Strikes out swinging
|
| Bottom of the 7th over - 0 runs, 0 hits, 0 errors, 0 left on base; Baltimore 0 - Kansas City 10 |
| TOP OF THE 8TH |
|
Baltimore Orioles batting - Pitching for Kansas City Royals : LHP Dave LaPoint
|
|
Batting: RHB Dennis Werth
|
0-0: Called Strike 0-1: Ball 1-1: Called Strike 1-2: Reached on error, E6 (Groundball, 6, EV 83.1 MPH)
|
|
Pitching: RHP Bob Welch
|
|
|
Batting: RHB Garth Iorg
|
0-0: Fly out, F9 (Flyball, 89S, EV 78.8 MPH)
|
|
Batting: SHB Willie McGee
|
0-0: Ball 1-0: Foul Ball, location: 2F 1-1: SINGLE (Line Drive, 4D, EV 96.3 MPH) Dennis Werth to third Runner from 3rd tries for Home, SAFE, throw by CF to home Willie McGee to second
|
|
Batting: RHB Ron Cey
|
0-0: Ground out 4-3 (Groundball, 34, EV 85.6 MPH) Willie McGee to third
|
|
Batting: SHB Steve R Ontiveros
|
0-0: Ball 1-0: Ball 2-0: Ball 3-0: Called Strike 3-1: Swinging Strike 3-2: Base on Balls
|
|
Batting: RHB Dwight Evans
|
0-0: Ball 1-0: Ball 2-0: Called Strike 2-1: Called Strike 2-2: Ball 3-2: Fly out, F7 (Flyball, 7LM, EV 90.6 MPH)
|
| Top of the 8th over - 1 run, 1 hit, 1 error, 2 left on base; Baltimore 1 - Kansas City 10 |
| BOTTOM OF THE 8TH |
|
Kansas City Royals batting - Pitching for Baltimore Orioles : RHP John Howell
|
|
Batting: RHB Lloyd McClendon
|
0-0: Foul Ball, location: 2F 0-1: Ball 1-1: Ball 2-1: Swinging Strike 2-2: Fly out, F9 (Flyball, 9LM, EV 83.1 MPH)
|
|
Batting: RHB Adrian Monrreal
|
0-0: Fly out, F9 (Flyball, 9, EV 76.3 MPH)
|
|
Batting: RHB Rickey Henderson
|
0-0: Ball 1-0: Called Strike 1-1: Ball 2-1: Ball 3-1: Foul Ball, location: 2F 3-2: Base on Balls
|
|
Batting: LHB Rick Manning
|
0-0: Foul Ball, location: 2F 0-1: Foul Ball, location: 2F 0-2: Ball 1-2: Foul Ball, location: 2F 1-2: Ball 2-2: Foul Ball, location: 2F 2-2: Foul Ball, location: 2F 2-2: Ball 3-2: Fly out, F8 (Flyball, 8RM, EV 97.5 MPH)
|
| Bottom of the 8th over - 0 runs, 0 hits, 0 errors, 1 left on base; Baltimore 1 - Kansas City 10 |
| TOP OF THE 9TH |
|
Baltimore Orioles batting - Pitching for Kansas City Royals : RHP Bob Welch
|
|
Batting: SHB Mike Hart
|
0-0: Fly out, F7 (Flyball, 78XD, EV 105.0 MPH)
|
|
Batting: RHB Matt Rice
|
0-0: Foul Ball, location: 2F 0-1: Ground out 5-3 (Groundball, 56, EV 84.4 MPH)
|
|
Batting: RHB Mark Brouhard
|
0-0: Ball 1-0: Foul Ball, location: 2F 1-1: Ball 2-1: Fly out, F9 (Flyball, 9LM, EV 105.0 MPH)
|
| Top of the 9th over - 0 runs, 0 hits, 0 errors, 0 left on base; Baltimore 1 - Kansas City 10 |
|